 Dungeon Crawl Stone Soup version 0.31-a0-564-g3b7de120b3 (webtiles) character file.

Game seed: 9873055854518565365

1856 holysushi the Slicer (level 9, -9/43 HPs)
             Began as a Vine Stalker Monk on Aug 18, 2023.
             Mangled by a hornet (10 damage)
             ... while paralysed by a hornet
             ... on level 8 of the Dungeon.
             The game lasted 00:09:43 (5868 turns).

holysushi the Slicer (Vine Stalker Monk)            Turns: 5868, Time: 00:09:44

Health: -9/43      AC:  6    Str: 14    XL:     9   Next: 13%
Magic:  0/15       EV:  2    Int: 10    God:
Gold:   291        SH:  0    Dex: 27    Spells: 14/14 levels left

rFire   . . .        a - +1 dagger (drain)
rCold   . . .        d - orb {light}
rNeg    . . .        b - +0 robe
rPois   .            k - +1 helmet
rElec   .            n - +0 cloak {rCorr}
rCorr   +            u - +0 pair of gloves
SInv    .            (no boots)
Will    +....        (no amulet)
Stlth   +            o - +6 ring of dexterity
HPRegen 1.07/turn    v - ring of flight
MPRegen 0.14/turn

%: guardian spirit
@: paralysed, lethally poisoned (-9 -> -11), flying, slowed, glowing
A: fangs 3, regeneration 1, magic shield, antimagic bite, no potion heal 2
a: no special abilities


You were on level 8 of the Dungeon.
You visited 2 branches of the dungeon, and saw 9 of its levels.

You collected 387 gold pieces.
You spent 96 gold pieces at shops.

Inventory:

Hand Weapons
 a - a +1 dagger of draining (weapon)
Armour
 b - a +0 robe (worn)
 d - an orb of light (worn)
 k - a +1 helmet (worn)
 n - a +0 cloak of preservation (worn)
 u - a +0 pair of gloves (worn)
Jewellery
 o - a +6 ring of dexterity (left hand)
 v - a ring of flight (right hand)
Wands
 m - a wand of roots (4)
 t - a wand of acid (13)
 w - a wand of mindburst (9)
 y - a wand of digging (9)
Scrolls
 e - 2 scrolls of acquirement {unknown}
 g - 5 scrolls of teleportation
 h - 3 scrolls of identify
 i - a scroll of summoning
 l - 2 scrolls of noise
 p - 2 scrolls of torment {unknown}
 x - a scroll of amnesia {unknown}
 z - a scroll of fog {unknown}
 B - a scroll of enchant armour
 C - a scroll of vulnerability {unknown}
Potions
 c - 2 potions of ambrosia
 f - a potion of berserk rage
 j - 6 potions of curing
 q - 3 potions of degeneration
 r - a potion of lignification
 s - a potion of mutation {unknown}
 A - a potion of cancellation {unknown}


   Skills:
 - Level 2.6 Fighting
 + Level 9.3 Short Blades
 - Level 5.0 Dodging
 - Level 3.4 Spellcasting


You had 14 spell levels left.
You didn't know any spells.
Your spell library was empty.

Dungeon Overview and Level Annotations

Branches:
Dungeon (8/15) Zot: 26721  Temple (1/1) D:4 Zot: 5953
   Lair: D:8-11

Altars:
Ashenzari
Cheibriados
Dithmenos
Fedhas
Hepliaklqana
Makhleb
Qazlal
Uskayaw
Vehumet
Zin

Shops:
D:4 !

Annotations:
D:3 1 runed translucent door, Crazy Yiuf
D:8 1 runed translucent door, Pooter's ghost, novice TrFi


Innate Abilities, Weirdness & Mutations

You have razor-sharp teeth.
Your natural rate of healing is unusually fast.
When hurt, damage is shared between your health and your magic reserves.
Your bite disrupts and absorbs the magic of your enemies.
Potions cannot restore your health.


Message History

The hornet attacks as you move away! The hornet completely misses you.
You feel very sick. The orc misses you. The hornet misses you.
The hornet attacks as you move away! The hornet stings you!
You suddenly lose the ability to move!
You feel sick. The hornet stings you.
You are more poisoned.
You feel as though you will be slow longer.
The orc hits you but does no damage.
You can move again.
You closely miss the hornet.
The hornet is lightly wounded.
You feel very sick. The hornet closely misses you. The orc closely misses you.
You hit the hornet but do no damage. You bite the hornet, but do no damage.
The hornet is lightly wounded.
You feel sick. The hornet barely misses you. The hornet stings you!
You feel as though you will be slow longer.
You hit the hornet but do no damage. You bite the hornet, but do no damage.
The hornet is lightly wounded.
You feel sick. The orc misses you. The hornet completely misses you.
You closely miss the hornet. Your bite misses the hornet.
The hornet is lightly wounded.
You feel sick. The hornet stings you.
You are more poisoned.
You suddenly lose the ability to move!
The orc hits you from afar with a +0 trident.
* * * LOW HITPOINT WARNING * * *
You feel very sick. The hornet stings you.
* * * LOW HITPOINT WARNING * * *
You feel as though you will be slow longer.
The orc hits you from afar with a +0 trident.
* * * LOW HITPOINT WARNING * * *
The hornet stings you.
* * * LOW HITPOINT WARNING * * *
You feel as though you will be slow longer.
* * * LOW HITPOINT WARNING * * *
You feel very sick. The hornet stings you!
You die...

######## ........ #
.######. #####.# .#
#.....## .####
#######......##
....#
##....@yoo......
.##.#
#.###...####.......#
....#
#................#.#
..###
#####...########.#
..##########.## ..
.............# ..
..######.....# o ..#
#.##.## ..# #.##.#


You could see a hornet (drained) and 2 orcs.

Vanquished Creatures
  A wyvern (D:7)
  A steam dragon (D:8)
  A water moccasin (D:8)
  A sky beast (D:7)
  2 black bears
  2 kobold brigands (D:6)
  2 bullfrogs
  4 scorpions
  A howler monkey (D:5)
  3 orc priests
  4 hounds
  7 iguanas
  A sleepcap (D:5)
  2 orc wizards
  Robin (D:2)
  6 adders
  A shadow imp (D:6)
  A white imp (D:6)
  3 dart slugs
  16 orcs
  9 endoplasms
  4 giant cockroaches
  11 hobgoblins
  5 jackals
  13 kobolds
  3 quokkas
  7 ball pythons
  7 bats
  4 frilled lizards
  17 goblins
  6 rats
146 creatures vanquished.

Notes
Turn   | Place    | Note
-------+----------+-------------------------------------------
     0 | D:1      | holysushi the Vine Stalker Monk began the quest for the
                  | Orb.
     0 | D:1      | Reached XP level 1. HP: 11/11 MP: 2/2
   185 | D:1      | Reached skill level 3 in Short Blades
   195 | D:1      | Reached XP level 2. HP: 13/16 MP: 1/3
   501 | D:1      | Reached XP level 3. HP: 18/19 MP: 4/4
  1109 | D:2      | Found a glowing silver altar of Zin.
  1152 | D:2      | Reached skill level 4 in Short Blades
  1249 | D:2      | Noticed Robin
  1250 | D:2      | Reached skill level 1 in Spellcasting
  1271 | D:2      | Gained mutation: Your natural rate of healing is unusually
                  | fast. [Vine Stalker growth]
  1271 | D:2      | Reached XP level 4. HP: 21/23 MP: 6/6
  1296 | D:2      | Killed Robin
  1962 | D:3      | Reached XP level 5. HP: 24/26 MP: 9/9
  1999 | D:3      | Found a broken altar of Ashenzari.
  2435 | D:3      | Found a runed translucent door.
  2436 | D:3      | Noticed Crazy Yiuf
  2668 | D:4      | Found Ujol's Distillery.
  2671 | D:4      | Bought 2 potions of degeneration for 24 gold pieces
  2671 | D:4      | Bought a potion of lignification for 36 gold pieces
  2671 | D:4      | Bought a potion of curing for 36 gold pieces
  2762 | D:4      | Found a staircase to the Ecumenical Temple.
  2821 | D:4      | Noticed a black bear
  2833 | D:4      | Killed a black bear
  2834 | D:4      | Reached skill level 5 in Short Blades
  2834 | D:4      | Reached XP level 6. HP: 28/32 MP: 7/12
  2851 | Temple   | Entered the Ecumenical Temple
  3453 | D:5      | Entered Level 5 of the Dungeon
  3806 | D:4      | Reached skill level 6 in Short Blades
  3806 | D:4      | Reached XP level 7. HP: 35/35 MP: 13/13
  4465 | D:6      | Found a radiant altar of Vehumet.
  4466 | D:6      | Identified the +4 spear of Ipse Dixit {elec, Drain rF+
                  | Str+7 Dex+3}
  4503 | D:6      | You fall into a shaft and drop 1 floor!
  4604 | D:6      | Gained mutation: You have razor-sharp teeth. [Vine Stalker
                  | growth]
  4604 | D:6      | Reached XP level 8. HP: 39/39 MP: 14/14
  4676 | D:6      | Found a hide-covered altar of Uskayaw.
  4698 | D:6      | Reached skill level 7 in Short Blades
  5214 | D:7      | Reached skill level 5 in Dodging
  5353 | D:7      | Noticed a wyvern
  5365 | D:7      | Killed a wyvern
  5366 | D:7      | Reached skill level 8 in Short Blades
  5652 | D:8      | Found a runed translucent door.
  5653 | D:8      | Noticed Pooter's ghost (novice TrFi)
  5674 | D:8      | Reached skill level 9 in Short Blades
  5674 | D:8      | Reached XP level 9. HP: 43/43 MP: 15/15
  5856 | D:8      | Noticed a hornet
  5862 | D:8      | Paralysed by a hornet for 1 turns
  5866 | D:8      | Paralysed by a hornet for 3 turns
  5868 | D:8      | HP: 1/43 [poisoned by a hornet]
  5868 | D:8      | Mangled by a hornet

Illustrated notes

Levels and vault maps discovered:
D:1:      dpeg_arrival_castle, layout_basic
D:2:      layout_loops_ring, basic_altar, st_stairs_5, uniq_robin
D:3:      layout_loops_cross, ashenzari_altar_1, minmay_surrounded,
          uniq_crazy_yiuf_cottage
D:4:      layout_gridville, minmay_temple_entry_ruins, serial_shops, shop
D:5:      layout_cave_pools, st_stairs_14, chequers_hall_statues_wall_a
D:6:      layout_basic, lemuel_crystal_altar, mainiacjoe_overflow_tiny_flanked,
          serial_park_tiny_pond
D:7:      layout_gridville
D:8:      layout_loops_ring, grunt_temple_overflow_open,
          ebering_ghost_reflecting_pool, serial_rivers,
          chequers_serial_rivers_marsh, chequers_serial_rivers_large_a,
          chequers_serial_rivers_marsh, chequers_serial_rivers_micro_d,
          uniq_maggie
Temple:   nicolae_temple_stand_before_the_council

Skill      XL: |  1  2  3  4  5  6  7  8 |
---------------+-------------------------+-----
Short Blades   | 3 4 5 6 9 |  9.3
Spellcasting   | 1 2 3 |  3.4
Dodging        | 3 5 |  5.0
Fighting       | |  2.6

Action                     |  1- 3 |  4- 6 |  7- 9 || total
---------------------------+-------+-------+-------++-------
  Melee: Short sword       |    99 |    66 |       ||   165
         Bite              |    28 |    63 |    76 ||   167
         Dagger            |       |   113 |   176 ||   289
    Use: Scroll            |       |     8 |       ||     8
         Potion            |       |     1 |       ||     1
 Armour: Robe              |    20 |    36 |    30 ||    86
  Dodge: Dodged            |    52 |   119 |    98 ||   269

Table legend: (Time is in decaauts)
 A = Elapsed time spent in this place.
 B = Non-inter-level travel time spent in this place.
 C = Inter-level travel time spent in this place.
 D = Time resting spent in this place.
 E = Time spent auto-exploring this place.
 F = Levels seen in this place.
 G = Mean time per level.
                   A        B        C        D        E       F      G
               +--------+--------+--------+--------+--------+-----+--------+
         Total |   5750 |   5357 |    393 |    208 |   3958 |   9 |  638.9 |
       Dungeon |   5703 |   5317 |    386 |    208 |   3958 |   8 |  712.9 |
        Temple |     46 |     39 |      7 |      0 |      0 |   1 |   46.0 |
               +--------+--------+--------+--------+--------+-----+--------+

Top non-repeatable levels by time:
     D:4: 1065 daAuts
     D:1: 1005 daAuts
     D:3: 913 daAuts
     D:2: 785 daAuts
     D:6: 573 daAuts
     D:5: 567 daAuts
     D:7: 516 daAuts
     D:8: 277 daAuts
  Temple: 46 daAuts
